 Dungeon Sprint DCSS version 0.30-a0-937-ga0a21ad780 (webtiles) character file.

Game seed: 17560738729153905450

244 testman the Fighter (level 6, -5/83 HPs)
             Began as an Ogre Gladiator on Mar 24, 2023.
             Was an Initiate of Qazlal.
             Slain by a merfolk
             ... wielding a +0 trident
              (11 damage)
             ... in the Dungeon (Sprint V: "Ziggurat Sprint").
             The game lasted 00:04:34 (204 turns).

testman the Fighter (Ogre Gladiator)                 Turns: 204, Time: 00:04:34

Health: -5/83      AC: 18    Str: 21    XL:     6   Next: 10%
Magic:  6/6        EV:  1    Int:  9    God:    Qazlal [......]
Gold:   0          SH:  0    Dex: 10    Spells: 5/5 levels left

rFire   + . .      SeeInvis .    l - +5 giant spiked club
rCold   + . .      Faith    .    (shield currently unavailable)
rNeg    . . .      Spirit   .    I - +5 gold dragon scales
rPois   +          Reflect  .    c - +0 hat
rElec   .          Rampage  .    (no cloak)
rCorr   .          NoTele   +    (gloves unavailable)
Will    .....                    (boots unavailable) Stlth
                                 (no amulet)
HPRegen 0.33/turn                (no ring)
MPRegen 0.10/turn                (no ring)

@: no status effects
A: large, unfitting armour, tough skin 1
a: Renounce Religion


You were in the Dungeon.
You worshipped Qazlal.
Qazlal was noncommittal.
You visited 1 branch

Inventory:

Hand Weapons
 a - a +0 flail
 l - a +5 giant spiked club (weapon)
 n - the +7 great mace "Firestarter" {flame, inner flame, rFlCloud rF++}
   (You found it in the Dungeon)

   rFlCloud:  It grants immunity to clouds of flame.
   rF:        It greatly protects you from fire.
Missiles
 d - 3 throwing nets (quivered)
 e - a large rock
Armour
 b - a +0 robe
 c - a +0 hat (worn)
 m - the +18 shield of the Gong {Loud rN+ Will+ rCorr EV-5}
   (You found it in the Dungeon)

   Loud:      It is deafeningly noisy when blocking attacks.
   EV:        It affects your evasion (-5).
   rN:        It protects you from negative energy.
   rCorr:     It protects you from acid and corrosion.
   Will:      It increases your willpower.
 I - +5 gold dragon scales (worn)
Magical Staves
 K - the staff of poison "Unloew" {rPois rN+ Str+3 Int+3}
   (You found it in the Dungeon)

   [staff of poison]

   Base accuracy: +5 Base damage: 5 Base attack delay: 1.2 This weapon's minimum
   attack delay (0.6) is reached at skill level 12.
   Str:       It affects your strength (+3).
   Int:       It affects your intelligence (+3).
   rPois:     It protects you from poison.
   rN:        It protects you from negative energy.
   It falls into the 'Staves' category.
   It is a one-handed weapon.
Jewellery
 p - a ring of flight
 q - a +6 ring of dexterity
 r - a +6 ring of dexterity
 s - a +6 ring of intelligence
 t - a +6 ring of intelligence
 u - a +6 ring of strength
 v - a +6 ring of strength
Wands
 w - a wand of mindburst (7)
 x - a wand of iceblast (7)
 y - a wand of light (7)
Scrolls
 k - 4 scrolls of blinking
 z - 4 scrolls of amnesia
 A - 7 scrolls of fog
 B - 5 scrolls of identify
 C - 2 scrolls of fear
Potions
 f - 10 potions of curing
 g - 10 potions of heal wounds
 h - 6 potions of haste
 i - 7 potions of magic
 j - 3 potions of berserk rage
 D - 2 potions of brilliance
 E - 2 potions of invisibility
 F - 4 potions of resistance
 H - 5 potions of might
Miscellaneous
 o - a lightning rod (4/4)
 J - a phial of floods (inert)


   Skills:
 + Level 11.8 Fighting
 + Level 8.6 Maces & Flails
 - Level 5.1 Throwing
 + Level 5.1 Dodging
 + Level 0.0 Invocations


You had 5 spell levels left.
You didn't know any spells.
Your spell library was empty.

Dungeon Overview and Level Annotations

Branches:
Dungeon (1/1)

Altars:
Ashenzari
Cheibriados
Dithmenos
Elyvilon
Fedhas
Gozag
Hepliaklqana
Kikubaaqudgha
Makhleb
Nemelex Xobeh
Okawaru
Qazlal
Ru
Sif Muna
Trog
Uskayaw
Vehumet
Wu Jian
Xom
Yredelemnul
Zin
The Shining One
Jiyva
Lugonu

Annotations:
D 1 transporter


Innate Abilities, Weirdness & Mutations

You are too large for most types of armour.
You have tough skin. (AC +1)


Message History

You feel stronger.
Okay, then.
There is a transporter here.
You start resting.
HP restored.
Welcome to arena 2.
You enter the transporter and appear at another place. 3 merfolk come into view.
The merfolk shouts! x3
The merfolk throws a throwing net.
The throwing net hits you.
You become entangled in the net!
Found four items.
Found a transporter.
You struggle against the net.
You struggle against the net.
You struggle against the net.
The merfolk hits you from afar with a +0 trident.
The merfolk completely misses you.
You rip the net and break free!
The merfolk hits you from afar with a +0 trident! x2
The merfolk hits you but does no damage.
Okay, then.
Aim the phial where?
Press: ? - help, Shift-Dir - straight line, f - merfolk
Aim: a merfolk, wielding a +0 trident and quivering a throwing net The torrent of water hits the merfolk!
The merfolk is lightly wounded.
The merfolk is knocked back by the torrent of water.
The wave splashes down.
The merfolk hits you from afar with a +0 trident!
The merfolk hits you but does no damage.
You enter the shallow water.
The merfolk hits you with a +0 trident! The merfolk barely misses you.
The merfolk hits you with a +0 trident!
* * * LOW HITPOINT WARNING * * *
Unknown command.
You bludgeon the merfolk!!
The merfolk is severely wounded.
The merfolk hits you with a +0 trident!
* * * LOW HITPOINT WARNING * * *
The merfolk hits you with a +0 trident!
You die...

▓▓▓▓▓▓▓▓▓▓▓▓▓
▓.8©8.▓.8©8.▓
▓.:||.▓.....▓
▓.....▓.....▓
▓.~~~.▓.....▓
▓.mmm.▓.....▓
▓.~@~.▓..©..▓
▓..©..▓▓▓▓▓▓▓
▓▓▓▓▓▓▓


You could see 3 merfolk.

Vanquished Creatures
  A floating eye (D)
  A jelly (D)
2 creatures vanquished.

Notes
Turn   | Place    | Note
-------+----------+-------------------------------------------
     0 | D        | testman the Ogre Gladiator began the quest for the Orb.
     0 | D        | Reached XP level 1. HP: 22/22 MP: 1/1
     0 | D        | Found a blossoming altar of Fedhas.
     0 | D        | Found the +6 Majin-Bo {spellvamp, MP+6 Int+6}
     0 | D        | Found the +27 heavy crossbow "Sniper" {heavy, Acc+∞ SInv}
     0 | D        | Found the +10 dark maul {heavy}
     0 | D        | Found the +15 Maxwell's patent armour {-Cast -Tele rElec
                  | Will+ rCorr}
     0 | D        | Found the +18 shield of the Gong {Loud rN+ Will+ rCorr
                  | EV-5}
     0 | D        | Found the +16 obsidian axe {drain, demonic, Mesm Drain Fly
                  | SInv}
     0 | D        | Found the +7 great mace "Firestarter" {flame, inner flame,
                  | rFlCloud rF++}
     0 | D        | Found the +6 shillelagh "Devastator" {shatter}
     0 | D        | Found the +11 plutonium sword {Contam Stlth-}
     0 | D        | Found the +8 lance "Wyrmbane" {slay drac, rPois rF+ rC+
                  | AC+3}
     0 | D        | Found the +9 sword of Zonguldrok {reap}
     0 | D        | Found the +13 scythe of Curses {drain, curses, Drain}
     0 | D        | Found the +9 sword of Power {lifebolt}
     0 | D        | Found the +7 mace of Variability {chaos, chain chaos}
     0 | D        | Found the +11 Singing Sword {sonic wave}
     0 | D        | Found the +8 storm bow {elec, penet}
     1 | D        | Found a viscous altar of Jiyva.
     1 | D        | Found a hazy altar of Hepliaklqana.
     1 | D        | Found a transporter.
     1 | D        | Found an opulent altar of Gozag.
     1 | D        | Found an ancient bone altar of Kikubaaqudgha.
     1 | D        | Found a corrupted altar of Lugonu.
     7 | D        | Found a burning altar of Makhleb.
     8 | D        | Found a sparkling altar of Nemelex Xobeh.
     8 | D        | Found an iron altar of Okawaru.
     8 | D        | Found a stormy altar of Qazlal.
     8 | D        | Found a sacrificial altar of Ru.
    16 | D        | Found a shimmering blue altar of Sif Muna.
    18 | D        | Found a bloodstained altar of Trog.
    20 | D        | Became a worshipper of Qazlal Stormbringer
    61 | D        | Entered arena 2.
    61 | D        | Noticed a floating eye
    61 | D        | Noticed a jelly
    61 | D        | Found a transporter.
    63 | D        | Paralysed by a floating eye for 3 turns
    66 | D        | Killed a floating eye
    67 | D        | Reached skill level 6 in Fighting
    67 | D        | Reached XP level 2. HP: 17/37 MP: 2/2
    67 | D        | Reached XP level 3. HP: 21/45 MP: 3/3
    67 | D        | Reached XP level 4. HP: 24/53 MP: 4/4
    69 | D        | Reached skill level 5 in Maces & Flails
    69 | D        | Reached skill level 5 in Throwing
    69 | D        | Reached skill level 5 in Dodging
    69 | D        | Reached XP level 5. HP: 29/61 MP: 5/5
    75 | D        | Got the staff of poison "Unloew" {rPois rN+ Str+3 Int+3}
    76 | D        | Reached skill level 11 in Fighting
    76 | D        | Reached XP level 6. HP: 43/83 MP: 6/6
   197 | D        | Entered arena 3.
   197 | D        | Noticed a merfolk
   197 | D        | Noticed a merfolk
   197 | D        | Noticed a merfolk
   197 | D        | Found a transporter.
   204 | D        | Slain by a merfolk

Illustrated notes

Levels and vault maps discovered:
D:        sprint_v [room_start, room_1, room_2, room_3, room_4, room_5, room_6,
          room_7, room_8, room_9, room_10, room_11, room_12, room_13, room_14,
          room_15, room_16, room_17, room_18, room_19, room_20, room_21,
          room_22, room_23, room_24, room_25, room_26, room_27]

Skill      XL: |  1  2  3  4  5 |
---------------+----------------+-----
Fighting       | 6 11 | 11.8
Maces & Flails | 4 5 8 |  8.6
Throwing       | 4 5 |  5.1
Dodging        | 4 5 |  5.1

Action                     |  1- 3 |  4- 6 || total
---------------------------+-------+-------++-------
  Melee: Giant spiked club |     2 |     3 ||     5
  Evoke: Phial of floods   |       |     1 ||     1
    Use: Potion            |       |     1 ||     1
 Armour: Gold dragon scale |     4 |     4 ||     8
  Dodge: Dodged            |     1 |     2 ||     3

Table legend: (Time is in decaauts)
 A = Elapsed time spent in this place.
 B = Non-inter-level travel time spent in this place.
 C = Inter-level travel time spent in this place.
 D = Time resting spent in this place.
 E = Time spent auto-exploring this place.
 F = Levels seen in this place.
 G = Mean time per level.
                   A        B        C        D        E       F      G
               +--------+--------+--------+--------+--------+-----+--------+
         Total |    204 |    165 |     39 |    118 |      0 |   1 |  204.0 |
       Dungeon |    204 |    165 |     39 |    118 |      0 |   1 |  204.0 |
               +--------+--------+--------+--------+--------+-----+--------+

Top non-repeatable levels by time:
       D: 204 daAuts
